 Dungeon Crawl Stone Soup version 0.31-a0-931-g7b59d4eb97 (webtiles) character file.

Game seed: 9602644336989163229

532 Persephone the Cleaver (level 7, -2/57 HPs)
             Began as a Hill Orc Fighter on Oct 19, 2023.
             Slain by a gnoll bouda
             ... wielding a +0 club
              (7 damage)
             ... on level 4 of the Dungeon.
             The game lasted 00:05:07 (2296 turns).

Persephone the Cleaver (Hill Orc Fighter)           Turns: 2296, Time: 00:05:08

Health: -2/57      AC: 12    Str: 21    XL:     7   Next: 24%
Magic:  7/7        EV:  9    Int:  8    God:
Gold:   208        SH:  4    Dex: 10    Spells: 6/6 levels left

rFire   . . .        a - +0 war axe
rCold   . . .        c - +0 buckler
rNeg    . . .        b - +0 scale mail
rPois   .            u - +0 hat
rElec   .            r - +0 cloak
rCorr   .            (no gloves)
SInv    .            (no boots)
Will    .....        (no amulet) Stlth
                     o - +4 ring of protection
HPRegen 0.29/turn    (no ring)
MPRegen 0.10/turn

%: no passive effects
@: mighty, weakened
A: no striking features
a: no special abilities


You were on level 4 of the Dungeon.
You visited 1 branch of the dungeon, and saw 4 of its levels.

You collected 208 gold pieces.

Inventory:

Hand Weapons
 a - a +0 war axe (weapon)
Missiles
 k - 2 throwing nets
Armour
 b - a +0 scale mail (worn)
 c - a +0 buckler (worn)
 r - a +0 cloak (worn)
 u - a +0 hat (worn)
Jewellery
 e - a ring of resist corrosion
 o - a +4 ring of protection (left hand)
 s - a +5 ring of evasion
Scrolls
 h - a scroll of immolation
 i - 3 scrolls of identify
 j - a scroll of vulnerability
Potions
 g - 3 potions of curing {unknown}
 l - 2 potions of attraction {unknown}
 m - a potion of haste {unknown}
 n - a potion of brilliance {unknown}
 p - a potion of degeneration {unknown}
 q - a potion of enlightenment {unknown}


   Skills:
 - Level 3.6 Fighting
 + Level 10.1 Axes
 - Level 3.2 Armour
 - Level 3.2 Shields


You had 6 spell levels left.
You didn't know any spells.
Your spell library was empty.

Dungeon Overview and Level Annotations

Branches:
Dungeon (4/15)
 Temple: D:4-7

Altars:


Message History

The gnolls pick up the pace!
You slash Grinder!
Grinder is severely wounded.
You closely miss the gnoll bouda. The gnoll closely misses you.
Grinder hits you!
You writhe in agony.
The gnoll bouda splashes around in the water.
You hit Grinder.
Grinder is severely wounded.
You barely miss the gnoll bouda. The gnoll hits you but does no damage.
Grinder gestures at you. Pain shoots through your body!
* * * LOW HITPOINT WARNING * * *
You block the gnoll bouda's attack.
You feel very mighty all of a sudden.
The gnoll hits you from afar with a +0 spear.
* * * LOW HITPOINT WARNING * * *
Grinder gestures at you. You resist with significant effort.
The gnoll bouda splashes around in the water.
You closely miss Grinder.
Grinder is severely wounded.
You barely miss the gnoll bouda.
The gnoll hits you from afar with a +0 spear.
* * * LOW HITPOINT WARNING * * *
Grinder hits you.
* * * LOW HITPOINT WARNING * * *
The gnoll bouda completely misses you.
The gnoll hits you from afar with a +0 spear.
* * * LOW HITPOINT WARNING * * *
You slash Grinder!
You kill Grinder!
You closely miss the gnoll bouda. You block the gnoll bouda's attack.
The gnoll barely misses you.
Your Axes skill gained 2 levels and is now at level 10!
You have reached level 7!
The gnoll bouda attacks as it pursues you!
The gnoll bouda barely misses you.
The gnoll bouda attacks as it pursues you!
The gnoll bouda hits you with a +0 club!
You die...

..)).........#
############.#
#.# #.#
#.##########
#...........
####.####..#
#######.####+##
........@g#~~~#
.########.'~~~+
###g~~# ##g##
#g.# #.)w....#
#g......#
..g......#
#.........#


You could see a gnoll bouda and 2 gnolls.

Vanquished Creatures
  Grinder (D:4)
  An ogre (D:4)
  2 orc priests
  2 orc wizards
  An iguana (D:4)
  Robin (D:4)
  3 adders
  A worm (D:3)
  A dart slug (D:1)
  5 orcs
  4 endoplasms
  4 giant cockroaches
  13 goblins
  9 hobgoblins
  4 jackals (D:1)
  9 ball pythons
  4 bats
  3 frilled lizards (D:3)
  9 kobolds
  10 rats
87 creatures vanquished.

Notes
Turn   | Place    | Note
-------+----------+-------------------------------------------
     0 | D:1      | Persephone the Hill Orc Fighter began the quest for the
                  | Orb.
     0 | D:1      | Reached XP level 1. HP: 19/19 MP: 1/1
    34 | D:1      | Reached skill level 3 in Axes
    55 | D:1      | Reached XP level 2. HP: 20/26 MP: 2/2
    67 | D:1      | Reached skill level 4 in Axes
   312 | D:1      | Reached XP level 3. HP: 31/31 MP: 3/3
   804 | D:2      | Reached skill level 5 in Axes
   903 | D:2      | Reached skill level 6 in Axes
   903 | D:2      | Reached XP level 4. HP: 18/39 MP: 4/4
  1021 | D:2      | Identified the +0 ring mail of Isuhun {Harm +Inv Will-}
  1171 | D:2      | Reached XP level 5. HP: 40/45 MP: 5/5
  1528 | D:3      | Reached skill level 7 in Axes
  2090 | D:4      | Reached skill level 8 in Axes
  2090 | D:4      | Reached XP level 6. HP: 31/51 MP: 6/6
  2213 | D:4      | Noticed Robin
  2222 | D:4      | Killed Robin
  2265 | D:4      | Noticed Grinder
  2287 | D:4      | Paralysed by Grinder for 2 turns
  2294 | D:4      | Killed Grinder
  2295 | D:4      | Reached skill level 10 in Axes
  2295 | D:4      | Reached XP level 7. HP: 5/57 MP: 7/7
  2296 | D:4      | Slain by a gnoll bouda

Illustrated notes

Levels and vault maps discovered:
D:1:      lightli_molten_gateway, layout_basic
D:2:      cheibrodos_pilgrimage, layout_rooms, st_stairs_12, minmay_box_of_dots
D:3:      layout_basic
D:4:      layout_loops_ring, minmay_liquid_box, minmay_quadrilaterals,
          uniq_robin, uniq_grinder, uniq_eustachio

Skill      XL: |  1  2  3  4  5  6 |
---------------+-------------------+-----
Axes           | 3 4 6 8 10 | 10.1
Fighting       | |  3.6
Armour         | |  3.2
Shields        | |  3.2

Action                     |  1- 3 |  4- 6 |  7- 9 || total
---------------------------+-------+-------+-------++-------
  Melee: War axe           |    91 |   146 |       ||   237
    Use: Scroll            |       |     6 |       ||     6
         Potion            |       |     3 |       ||     3
 Armour: Scale mail        |    68 |   118 |     1 ||   187
  Dodge: Dodged            |    46 |    74 |     1 ||   121
  Block: Buckler           |    27 |    32 |       ||    59

Table legend: (Time is in decaauts)
 A = Elapsed time spent in this place.
 B = Non-inter-level travel time spent in this place.
 C = Inter-level travel time spent in this place.
 D = Time resting spent in this place.
 E = Time spent auto-exploring this place.
 F = Levels seen in this place.
 G = Mean time per level.
                   A        B        C        D        E       F      G
               +--------+--------+--------+--------+--------+-----+--------+
         Total |   2350 |   2206 |    144 |      0 |   1650 |   4 |  587.5 |
       Dungeon |   2350 |   2206 |    144 |      0 |   1650 |   4 |  587.5 |
               +--------+--------+--------+--------+--------+-----+--------+

Top non-repeatable levels by time:
     D:1: 764 daAuts
     D:3: 720 daAuts
     D:2: 627 daAuts
     D:4: 237 daAuts
